 Dungeon Crawl Stone Soup version 0.16-a0-3939-g9a3e665 (console) character file.

140 dreadnaught the Cutter (level 5, -4/25 HPs)
             Began as a Spriggan Gladiator on Feb 6, 2015.
             Killed from afar by an orc wizard (8 damage)
             ... with a magic dart
             ... on level 4 of the Dungeon.
             The game lasted 00:22:03 (3534 turns).

dreadnaught the Cutter (Spriggan Gladiator)         Turns: 3534, Time: 00:22:04

Health: -4/25      AC:  2    Str: 11    XL:     5   Next: 2%
Magic:  10/10      EV: 20    Int:  9    God:
Gold:   141        SH:  0    Dex: 18    Spells: 0 memorised, 4 levels left

rFire  . . .     SeeInvis +     a - +0 rapier
rCold  . . .     Clarity  .     b - +0 animal skin
rNeg   . . .     SustAb   .     (shield restricted)
rPois  .         Gourm    .     c - +0 hat
rElec  .         Spirit   .     (no cloak)
rCorr  .         Warding  .     (gloves unavailable)
rMut   .         Stasis   .     (boots unavailable)
MR     .....                    (no amulet)
Stlth  ++........               (no ring)
                                (no ring)

@: very quick, not resistant to hostile enchantments, unstealthy
A: unfitting armour, see invisible, herbivore 3, speed 3, slow metabolism 2
a: no special abilities


You were on level 4 of the Dungeon.
You were not hungry.

You visited 1 branch of the dungeon, and saw 4 of its levels.

You collected 141 gold pieces.

Inventory:

Hand weapons
 a - a +0 rapier (weapon)
 i - a +0 hunting sling
 q - a +0 hunting sling
 r - a +0 dagger
 s - a +0 spear
 w - a +0 dagger of speed
Missiles
 d - 3 throwing nets {!f}
 g - 94 stones (quivered)
 m - 17 sling bullets
Armour
 b - a +0 animal skin (worn)
 c - a +0 hat (worn)
Scrolls
 h - a scroll of magic mapping {unknown}
 k - 2 scrolls of enchant weapon {unknown}
 l - a scroll of identify {unknown}
 o - 4 scrolls of remove curse {unknown}
 p - a scroll of amnesia {unknown}
 t - a scroll of fog {unknown}
 x - a scroll of enchant armour {unknown}
Potions
 e - 4 potions of curing {unknown}
 j - a potion of cancellation {unknown}
 n - 2 potions of degeneration {unknown}
 v - a potion of resistance {unknown}
Comestibles
 f - 2 bread rations
 u - a royal jelly


   Skills:
 - Level 1.5 Fighting
 + Level 6.3 Short Blades
 - Level 2.1 Throwing
 - Level 4.4 Dodging


You had 4 spell levels left.
You didn't know any spells.

Dungeon Overview and Level Annotations

Branches:
Dungeon (4/15)
 Temple: D:4-7

Altars:

Annotations:
D:3 Sigmund


Innate Abilities, Weirdness & Mutations

You are tiny and cannot use many weapons and most armour.
You have supernaturally acute eyesight.
You are a herbivore.
You cover ground extremely quickly.
You need consume almost no food.


Message History

The orc wizard flickers and vanishes for a moment.
There is a stone staircase leading up here.
Press: ? - help, v - describe, . - travel
Here: a giant newt The floor.
Unknown command.
Throwing (i - inventory. (,) - cycle):
g - 95 stones (quivered)
Press: ? - help, Shift-Dir - straight line, f - orc wizard
Aim: an orc wizard, wielding a dagger and wearing a robe (almost dead, fast)
You throw a stone.
The stone hits the orc wizard but does no damage.
The orc wizard is almost dead.
The orc wizard gestures at you while chanting.
The magic dart hits you!
* * * LOW HITPOINT WARNING * * *
The orc wizard mumbles some strange words.
The orc wizard blinks!
The orc wizard casts a spell at you. The magic dart hits you!
You die...

..#.# #..# #.. #.# #..#
#.##..# #.# #..# #.##..#
#.# #..####.#...### #.#
#..##.........# #
###.####.............#.#
o....oo......o.......#.##
###o####oo.#..............
# #.o....#..o.lo@....# # #
##.###o§.#.........#.# #
.# ###.#...........# # .#
#.#..)......### # .#
#.#.........# . .
#.#####.##### . ..#
#÷)...# ### #####...?.....
#########


You could see 3 orc wizards, 3 orcs and a giant newt.

Vanquished Creatures
  3 adders
  A giant mite (D:1)
  6 worms (D:2)
  A giant gecko (D:2)
  6 hobgoblins
  14 jackals
  8 kobolds
  2 oozes
  A quokka (D:4)
  A ball python (D:1)
  4 bats
  7 giant cockroaches
  2 giant newts (D:1)
  8 goblins
  5 rats
69 creatures vanquished.

Vanquished Creatures (others)
  A hound (D:4)
  An adder (D:4)
  A worm (D:4)
  A giant cockroach (D:4)
  A goblin (D:4)
5 creatures vanquished.

Grand Total: 74 creatures vanquished

Notes
Turn   | Place    | Note
--------------------------------------------------------------
     0 | D:1      | dreadnaught, the Spriggan Gladiator, began the quest for the Orb.
     0 | D:1      | Reached XP level 1. HP: 10/10 MP: 2/2
   111 | D:1      | Reached XP level 2. HP: 9/14 MP: 4/4
  1339 | D:2      | Reached XP level 3. HP: 18/18 MP: 6/6
  1485 | D:2      | Reached skill level 5 in Short Blades
  1815 | D:2      | Reached XP level 4. HP: 18/22 MP: 8/8
  2443 | D:2      | Reached skill level 6 in Short Blades
  2999 | D:3      | Noticed a phantom
  3056 | D:3      | Noticed Sigmund
  3220 | D:4      | Reached XP level 5. HP: 15/25 MP: 10/10
  3534 | D:4      | Killed from afar by an orc wizard

Action                   |  1- 3 |  4- 6 || total
-------------------------+-------+-------++-------
Melee: Rapier            |   118 |    98 ||   216
Throw: Stone             |   126 |   103 ||   229
       Throwing net      |     2 |       ||     2
 Stab: Sleeping          |     4 |     1 ||     5
       Held in net/web   |     2 |       ||     2
